 Dungeon Crawl Stone Soup version 0.29.0-11-gd7f09526c8 (webtiles) character file.

Game seed: 1409615768998619223

47 Iusername the Shield-Bearer (level 3, -8/36 HPs)
             Began as a Troll Fighter on Sept 2, 2022.
             Mangled by Sigmund
             ... wielding a +0 scythe
              (9 damage)
             ... on level 2 of the Dungeon.
             The game lasted 00:01:41 (1121 turns).

Iusername the Shield-Bearer (Troll Fighter)         Turns: 1121, Time: 00:01:42

Health: -8/36      AC:  4    Str: 24    XL:     3   Next: 48%
Magic:  2/2        EV:  8    Int:  6    God:
Gold:   114        SH:  7    Dex:  9    Spells: 2/2 levels left

rFire   . . .      SeeInvis .     - Unarmed
rCold   . . .      Faith    .   b - +0 kite shield
rNeg    . . .      Spirit   .   a - +0 robe
rPois   .          Reflect  .   (helmet restricted)
rElec   .          Harm     .   (no cloak)
rCorr   .          Rampage  .   (gloves unavailable)
Will    .....                   (boots unavailable)
Stlth   +.........              (no amulet)
HPRegen 0.92/turn               (no ring)
MPRegen 0.08/turn               (no ring)

@: no status effects
A: large, unfitting armour, claws 3, regeneration 1, shaggy fur 1, tough skin 1
a: no special abilities


You were on level 2 of the Dungeon.
You visited 1 branch of the dungeon, and saw 2 of its levels.

You collected 114 gold pieces.

Inventory:

Armour
 a - a +0 robe (worn)
 b - a +0 kite shield (worn)
Wands
 o - a wand of roots (9)
Scrolls
 d - a scroll of enchant armour {unknown}
 h - a scroll of identify {unknown}
 i - a scroll of vulnerability {unknown}
 j - a scroll of amnesia {unknown}
 k - a scroll of fear {unknown}
 l - a scroll of torment {unknown}
 m - a scroll of enchant weapon {unknown}
 p - 3 scrolls of teleportation {unknown}
Potions
 c - 2 potions of might
 e - 2 potions of degeneration {unknown}
 f - 3 potions of curing {unknown}
 g - a potion of heal wounds {unknown}
 n - a potion of ambrosia {unknown}


   Skills:
 + Level 2.6 Fighting
 + Level 2.8 Dodging
 + Level 3.2 Shields
 + Level 2.5 Unarmed Combat


You had 2 spell levels left.
You didn't know any spells.
Your spell library contained the following spells:

 Spells                   Type           Power      Damage    Failure   Level
 Sting                    Tmut/Pois      0%         1d3       75%         1
 Poisonous Vapours        Pois/Air       0%         N/A       87%         2
 Scorch                   Fire           0%         2d5       87%         2
 Flame Wave               Conj/Fire      0%         2d4       100%        4
 Olgreb's Toxic Radiance  Pois           0%         N/A       100%        4
 Summon Cactus Giant      Summ           0%         N/A       100%        6


Dungeon Overview and Level Annotations

Branches:
Dungeon (2/15)

Altars:

Annotations:
D:2 Sigmund


Innate Abilities, Weirdness & Mutations

You are too large for most types of armour.
You have claws for hands.
Your natural rate of healing is unusually fast.
You are covered in fur. (AC +1)
You have tough skin. (AC +1)


Message History

No target in view!
No target in view!
No target in view!
No target in view!
No target in view!
No target in view!
No target in view!
No target in view!
No target in view!
You hear some strange, mumbled words.
You are confused.
Unknown command.
You are too confused!
Unknown command.
You are too confused!
Something hits you.
You hear some strange, mumbled words.
Something tries to affect you, but you resist.
Something hits you but does no damage.
You feel less confused. Something hits you but does no damage.
Something hits you!
A magic dart appears from out of thin air!
The magic dart hits you. Something hits you.
Something hits you but does no damage.
You scratch something. Something completely misses you. Something hits you.
Sigmund appears from thin air!
Reactivating autopickup.
Sigmund hits you from afar with a +0 scythe.
You block Sigmund's attack. Sigmund casts a spell at you.
The puff of flame hits you.
Sigmund points at you and mumbles some strange words.
The magic dart hits you. Sigmund hits you with a +0 scythe!
* * * LOW HITPOINT WARNING * * *
Sigmund hits you with a +0 scythe!
You die...

## ###.....#...###....
###.<..#....######...
#..........###.....##
..................###..#
.###.........###### ##.#
....##.###...# #..
#.#####..#####.# ###
######....####.#########
#......@.....#..........
#####...@.........>....#
#................)......
#......$..†.##.....##†..
#..../....#....##.......
..####....#.#####.......
.. #......# ####....
......### ##... .#....#
#...


You could see Sigmund.

Vanquished Creatures
  A worm (D:2)
  A dart slug (D:1)
  7 endoplasms
  A giant cockroach (D:1)
  3 goblins
  3 hobgoblins
  4 jackals (D:2)
  A quokka (D:2)
  5 ball pythons
  7 bats
  3 kobolds
  6 rats
42 creatures vanquished.

Notes
Turn   | Place    | Note
-------+----------+-------------------------------------------
     0 | D:1      | Iusername the Troll Fighter began the quest for the Orb.
     0 | D:1      | Reached XP level 1. HP: 22/22 MP: 0/0
   178 | D:1      | Reached XP level 2. HP: 26/29 MP: 1/1
   284 | D:1      | Reached skill level 3 in Shields
   772 | D:2      | Reached XP level 3. HP: 36/36 MP: 2/2
  1093 | D:2      | Noticed Sigmund
  1120 | D:2      | HP: 1/36 [Sigmund/+0 scythe (11)]
  1121 | D:2      | Mangled by Sigmund

Illustrated notes

Levels and vault maps discovered:
D:1:      dpeg_arrival_stone_temple_mockup, layout_basic
D:2:      layout_rooms, ebering_ecumenical_altar_hall, uniq_sigmund

Skill      XL: |  1  2 |
---------------+-------+-----
Shields        | 3 |  3.2
Fighting       | |  2.6
Dodging        | |  2.8
Unarmed Combat | |  2.5

Action                   || total
-------------------------++-------
Melee: Unarmed           ||   102
Armor: Robe              ||    43
Dodge: Dodged            ||    46
Block: Kite shield       ||    34
